[ AOE2 MATCH · #506104594 ]
UnrankedPortuguese vs Maya
Player's team · LOSS
Rival team · WIN
[ REPLAY ANALYSIS · EXTRACTED FROM THE RECORDED GAME ]
Feudal
11:21
Castle
23:21
Imperial
—
| APM avg | 59.4 |
| APM peak | 93 |
| eAPM avg | 26.5 |
| Villagers / military | 86 / 94 |
Focus
⚔️ 35.1% · 🌾 64.9%
Archer ×70 · Mangonel ×9 · Militia ×7 · Scout Cavalry ×4 · Knight ×3 · Organ Gun ×1
Feudal
11:27
Castle
22:00
Imperial
—
| APM avg | 86.5 |
| APM peak | 131 |
| eAPM avg | 40.4 |
| Villagers / military | 123 / 119 |
Focus
⚔️ 45.8% · 🌾 54.2%
Archer ×43 · Skirmisher ×37 · Eagle Scout ×22 · Militia ×7 · Mangonel ×7 · Plumed Archer ×2
Match map
Initial resources + every placement click. Lines = walls · curves = elevation contours. ◆ gold · ⬟ stone · ● berries · ✦ relic · ◌ wall gap
Your base· Open — 6t gap
SalzZ_classicpro's base· Open — unwalled flank
Smoothed initial terrain · ◌ = detected wall gap · hover for details
Inputs per minute
— OS+ | Emil :D - - SalzZ_classicpro
Build order — OS+ | Emil :D
First 150 of 318 actions detected
| 0:00 | Create | Villager (Male) |
| 0:01 | Build | House |
| 0:02 | Build | House |
| 0:11 | Create | Villager (Male) |
| 0:11 | Create | Villager (Male) |
| 0:31 | Create | Villager (Male) |
| 1:31 | Create | Villager (Male) |
| 1:37 | Build | Lumber Camp |
| 1:55 | Create | Villager (Male) |
| 2:17 | Create | Villager (Male) |
| 2:46 | Create | Villager (Male) |
| 3:06 | Create | Villager (Male) |
| 3:32 | Create | Villager (Male) |
| 3:32 | Create | Villager (Male) |
| 3:47 | Create | Villager (Male) |
| 3:59 | Build | House |
| 4:19 | Build | Barracks |
| 4:30 | Create | Villager (Male) |
| 4:46 | Create | Villager (Male) |
| 4:55 | Build | House |
| 5:06 | Create | Militia |
| 5:12 | Create | Villager (Male) |
| 5:22 | Create | Militia |
| 5:22 | Create | Militia |
| 5:25 | Create | Villager (Male) |
| 5:33 | Build | Palisade Wall |
| 5:42 | Create | Villager (Male) |
| 5:50 | Create | Militia |
| 6:01 | Create | Villager (Male) |
| 6:29 | Build | Mill |
| 6:37 | Create | Villager (Male) |
| 6:37 | Create | Villager (Male) |
| 7:00 | Create | Villager (Male) |
| 7:00 | Create | Villager (Male) |
| 7:24 | Create | Villager (Male) |
| 7:33 | Research | Loom |
| 7:35 | Build | House |
| 7:47 | Build | Farm |
| 7:51 | Create | Villager (Male) |
| 7:55 | Build | Farm |
| 8:11 | Create | Villager (Male) |
| 8:22 | Build | Palisade Wall |
| 8:23 | Build | Palisade Wall |
| 8:25 | Build | Palisade Wall |
| 8:38 | Create | Villager (Male) |
| 9:06 | Research | Feudal Age |
| 9:26 | Build | Mining Camp |
| 9:27 | Create | Militia |
| 9:53 | Create | Militia |
| 9:55 | Create | Villager (Male) |
| 10:07 | Create | Militia |
| 10:19 | Build | House |
| 11:21 | Age | Feudal Age |
| 11:24 | Research | Man-at-Arms (upgrade) |
| 11:27 | Build | Archery Range |
| 11:37 | Create | Villager (Male) |
| 12:02 | Research | Double-Bit Axe |
| 12:02 | Research | Double-Bit Axe |
| 12:03 | Create | Villager (Male) |
| 12:06 | Build | Archery Range |
| 12:07 | Create | Archer |
| 12:17 | Create | Villager (Male) |
| 12:18 | Build | Farm |
| 12:28 | Create | Villager (Male) |
| 12:41 | Build | House |
| 12:43 | Build | House |
| 12:50 | Create | Archer |
| 12:51 | Create | Archer |
| 12:52 | Create | Archer |
| 12:55 | Create | Villager (Male) |
| 13:15 | Build | Farm |
| 13:20 | Create | Villager (Male) |
| 13:25 | Create | Archer |
| 13:31 | Build | Palisade Wall |
| 13:31 | Build | Palisade Wall |
| 13:44 | Build | Farm |
| 13:44 | Build | Farm |
| 13:48 | Build | House |
| 13:50 | Create | Villager (Male) |
| 13:59 | Create | Villager (Male) |
| 14:01 | Create | Archer |
| 14:01 | Create | Archer |
| 14:11 | Create | Villager (Male) |
| 14:19 | Create | Archer |
| 14:22 | Create | Villager (Male) |
| 14:32 | Build | Blacksmith |
| 14:34 | Build | House |
| 14:43 | Create | Archer |
| 14:43 | Create | Archer |
| 15:06 | Create | Archer |
| 15:12 | Research | Fletching |
| 15:14 | Build | Farm |
| 15:24 | Create | Villager (Male) |
| 15:25 | Create | Archer |
| 15:25 | Create | Archer |
| 15:28 | Research | Padded Archer Armor |
| 15:56 | Create | Archer |
| 15:57 | Create | Villager (Male) |
| 16:12 | Build | Stable |
| 16:20 | Create | Archer |
| 16:21 | Create | Villager (Male) |
| 16:22 | Build | Farm |
| 16:37 | Build | Lumber Camp |
| 16:45 | Create | Archer |
| 16:47 | Create | Scout Cavalry |
| 16:48 | Create | Scout Cavalry |
| 16:48 | Create | Scout Cavalry |
| 16:54 | Create | Villager (Male) |
| 16:58 | Build | Farm |
| 17:03 | Create | Archer |
| 17:14 | Create | Villager (Male) |
| 17:17 | Build | Farm |
| 17:21 | Create | Scout Cavalry |
| 17:32 | Build | Farm |
| 17:39 | Build | House |
| 17:41 | Build | House |
| 17:45 | Build | Farm |
| 18:03 | Create | Villager (Male) |
| 18:07 | Create | Archer |
| 18:07 | Create | Archer |
| 18:12 | Build | Farm |
| 18:13 | Build | Farm |
| 18:25 | Build | Farm |
| 18:27 | Build | Farm |
| 18:36 | Create | Archer |
| 18:36 | Create | Archer |
| 18:41 | Create | Villager (Male) |
| 18:49 | Build | House |
| 18:52 | Build | Farm |
| 18:52 | Build | Farm |
| 19:17 | Create | Villager (Male) |
| 19:22 | Build | Farm |
| 19:24 | Build | Farm |
| 19:37 | Create | Villager (Male) |
| 19:38 | Create | Archer |
| 19:40 | Build | Market |
| 19:45 | Build | Palisade Wall |
| 19:46 | Build | Palisade Wall |
| 20:01 | Create | Archer |
| 20:02 | Create | Archer |
| 20:29 | Build | House |
| 20:30 | Build | House |
| 20:41 | Research | Castle Age |
| 20:44 | Build | Archery Range |
| 20:47 | Create | Archer |
| 20:47 | Create | Archer |
| 21:07 | Create | Archer |
| 21:13 | Research | Gold Mining |
| 21:26 | Create | Archer |
| 21:28 | Build | Archery Range |
Build order — SalzZ_classicpro
First 150 of 426 actions detected
| 0:00 | Research | Loom |
| 0:01 | Build | House |
| 0:02 | Build | House |
| 0:08 | Create | Villager (Male) |
| 0:08 | Create | Villager (Male) |
| 0:10 | Create | Villager (Male) |
| 1:18 | Create | Villager (Male) |
| 1:18 | Create | Villager (Male) |
| 1:50 | Build | Lumber Camp |
| 1:55 | Create | Villager (Male) |
| 2:19 | Create | Villager (Male) |
| 2:19 | Create | Villager (Male) |
| 2:45 | Create | Villager (Male) |
| 2:45 | Create | Villager (Male) |
| 2:59 | Create | Villager (Male) |
| 3:35 | Create | Villager (Male) |
| 3:48 | Build | House |
| 3:54 | Create | Villager (Male) |
| 4:20 | Create | Villager (Male) |
| 4:20 | Create | Villager (Male) |
| 4:28 | Build | Barracks |
| 4:50 | Create | Villager (Male) |
| 5:08 | Build | House |
| 5:18 | Create | Villager (Male) |
| 5:22 | Build | House |
| 5:26 | Create | Militia |
| 5:26 | Create | Militia |
| 5:39 | Create | Villager (Male) |
| 5:47 | Build | Palisade Wall |
| 6:02 | Create | Militia |
| 6:03 | Create | Villager (Male) |
| 6:18 | Build | Mill |
| 6:24 | Create | Villager (Male) |
| 6:57 | Create | Villager (Male) |
| 7:10 | Create | Villager (Male) |
| 7:46 | Create | Villager (Male) |
| 7:54 | Build | House |
| 8:04 | Create | Villager (Male) |
| 8:10 | Build | Mill |
| 8:41 | Create | Villager (Male) |
| 9:04 | Build | Lumber Camp |
| 9:17 | Research | Feudal Age |
| 9:25 | Build | Mining Camp |
| 10:13 | Create | Villager (Male) |
| 10:21 | Create | Militia |
| 10:32 | Build | Farm |
| 10:37 | Create | Militia |
| 10:37 | Create | Militia |
| 10:53 | Create | Militia |
| 10:57 | Build | Farm |
| 11:12 | Build | House |
| 11:27 | Age | Feudal Age |
| 11:28 | Research | Man-at-Arms (upgrade) |
| 11:44 | Create | Villager (Male) |
| 11:45 | Build | Archery Range |
| 11:57 | Research | Horse Collar |
| 11:59 | Build | Farm |
| 12:00 | Build | Farm |
| 12:00 | Create | Villager (Male) |
| 12:19 | Research | Double-Bit Axe |
| 12:21 | Create | Villager (Male) |
| 12:29 | Create | Archer |
| 12:29 | Create | Archer |
| 12:37 | Create | Eagle Scout |
| 12:39 | Build | Farm |
| 12:48 | Build | Farm |
| 12:48 | Create | Villager (Male) |
| 13:08 | Create | Archer |
| 13:12 | Create | Villager (Male) |
| 13:26 | Build | Blacksmith |
| 13:44 | Create | Skirmisher |
| 13:52 | Create | Villager (Male) |
| 14:01 | Create | Villager (Male) |
| 14:04 | Build | Archery Range |
| 14:07 | Create | Skirmisher |
| 14:11 | Build | House |
| 14:14 | Build | Palisade Wall |
| 14:16 | Research | Fletching |
| 14:16 | Research | Padded Archer Armor |
| 14:17 | Research | Padded Archer Armor |
| 14:18 | Create | Villager (Male) |
| 14:20 | Build | Farm |
| 14:27 | Build | House |
| 14:30 | Research | Town Watch |
| 14:30 | Research | Town Watch |
| 14:34 | Create | Eagle Scout |
| 14:36 | Create | Villager (Male) |
| 14:47 | Build | House |
| 14:48 | Build | Palisade Wall |
| 14:49 | Build | Palisade Wall |
| 14:52 | Create | Villager (Male) |
| 14:54 | Create | Skirmisher |
| 14:54 | Create | Skirmisher |
| 15:03 | Create | Eagle Scout |
| 15:06 | Research | Scale Mail Armor |
| 15:10 | Build | Farm |
| 15:22 | Create | Skirmisher |
| 15:24 | Create | Villager (Male) |
| 15:42 | Create | Villager (Male) |
| 15:52 | Create | Skirmisher |
| 15:52 | Create | Skirmisher |
| 15:57 | Build | House |
| 16:07 | Build | Farm |
| 16:08 | Build | Farm |
| 16:09 | Build | Farm |
| 16:10 | Build | Farm |
| 16:15 | Create | Villager (Male) |
| 16:17 | Create | Archer |
| 16:22 | Create | Villager (Male) |
| 16:34 | Build | Farm |
| 16:36 | Build | Farm |
| 16:40 | Create | Archer |
| 16:41 | Create | Archer |
| 16:56 | Build | Farm |
| 16:59 | Create | Archer |
| 16:59 | Create | Archer |
| 17:11 | Create | Archer |
| 17:11 | Create | Archer |
| 17:12 | Create | Villager (Male) |
| 17:21 | Build | House |
| 17:22 | Build | House |
| 17:30 | Create | Eagle Scout |
| 17:32 | Create | Villager (Male) |
| 17:38 | Create | Villager (Male) |
| 17:49 | Build | Farm |
| 17:58 | Create | Villager (Male) |
| 18:05 | Build | Watch Tower |
| 18:10 | Create | Archer |
| 18:11 | Create | Archer |
| 18:19 | Build | Farm |
| 18:30 | Build | House |
| 18:52 | Create | Villager (Male) |
| 19:18 | Build | House |
| 19:20 | Research | Castle Age |
| 19:23 | Build | Archery Range |
| 19:35 | Research | Gold Mining |
| 19:36 | Research | Gold Mining |
| 19:52 | Create | Archer |
| 19:52 | Create | Archer |
| 20:10 | Create | Archer |
| 20:13 | Create | Villager (Male) |
| 20:19 | Create | Archer |
| 20:19 | Create | Archer |
| 20:26 | Build | House |
| 20:30 | Create | Archer |
| 20:30 | Create | Archer |
| 20:48 | Create | Archer |
| 20:48 | Create | Archer |
| 20:55 | Build | Mining Camp |
| 21:04 | Create | Archer |
Match timeline
| 4:19 | OS+ | Emil :D · first_building Barracks |
| 4:28 | SalzZ_classicpro · first_building Barracks |
| 5:33 | OS+ | Emil :D · wall_segment Palisade Wall x1 |
| 5:47 | SalzZ_classicpro · wall_segment Palisade Wall x6 |
| 8:22 | OS+ | Emil :D · wall_segment Palisade Wall x1 |
| 8:23 | OS+ | Emil :D · wall_segment Palisade Wall x1 |
| 8:25 | OS+ | Emil :D · wall_segment Palisade Wall x7 |
| 11:21 | OS+ | Emil :D · age_up feudal |
| 11:27 | SalzZ_classicpro · age_up feudal |
| 11:27 | OS+ | Emil :D · first_building Archery Range |
| 11:45 | SalzZ_classicpro · first_building Archery Range |
| 13:31 | OS+ | Emil :D · wall_segment Palisade Wall x1 |
| 13:31 | OS+ | Emil :D · wall_segment Palisade Wall x1 |
| 14:14 | SalzZ_classicpro · wall_segment Palisade Wall x9 |
| 14:48 | SalzZ_classicpro · wall_segment Palisade Wall x1 |
| 14:49 | SalzZ_classicpro · wall_segment Palisade Wall x1 |
| 16:12 | OS+ | Emil :D · first_building Stable |
| 19:45 | OS+ | Emil :D · wall_segment Palisade Wall x1 |
| 19:46 | OS+ | Emil :D · wall_segment Palisade Wall x2 |
| 20:36 | OS+ | Emil :D · first_market_sell 100 stone |
| 20:37 | OS+ | Emil :D · first_market_buy 100 food |
| 21:36 | OS+ | Emil :D · wall_segment Palisade Wall x1 |
| 21:57 | SalzZ_classicpro · wall_segment Stone Wall x3 |
| 22:00 | SalzZ_classicpro · age_up castle |
| 22:11 | SalzZ_classicpro · wall_segment Palisade Wall x1 |
| 22:12 | SalzZ_classicpro · wall_segment Palisade Wall x1 |
| 23:21 | OS+ | Emil :D · age_up castle |
| 26:37 | OS+ | Emil :D · first_building Siege Workshop |
| 29:39 | SalzZ_classicpro · first_market_buy 100 food |
| 29:52 | SalzZ_classicpro · first_building Siege Workshop |
| 30:06 | SalzZ_classicpro · first_building Monastery |
| 32:05 | SalzZ_classicpro · first_building Castle |
| 34:06 | SalzZ_classicpro · first_market_sell 100 food |
| 34:56 | OS+ | Emil :D · first_building Castle |
| 38:42 | OS+ | Emil :D · resign |
[ AI ANALYSIS · 1 CREDIT ]
What really happened in this match?
Wolo.gg analyzes every decision: build order, eco, micro, common mistakes by bracket. Personalized analysis on WhatsApp or Discord in 30 seconds.
Civ guide
Portuguese
Perfil
Emil :D